 Dungeon Crawl Stone Soup version 0.25-a0-578-gc91f01c39c (webtiles) character file.

Game seed: 9345525696997370062, levelgen mode: deterministic

693 Roikka the Purveyor of Pain (level 7, -22/53 HPs)
             Began as a Human Necromancer on Mar 5, 2020.
             Was an Initiate of Kikubaaqudgha.
             Shot with an arrow by a centaur warrior (26 damage)
             ... on level 8 of the Dungeon.
             The game lasted 00:17:01 (5256 turns).

Roikka the Purveyor of Pain (Human Necromancer)     Turns: 5256, Time: 00:17:01

Health: -22/53     AC:  2    Str:  8      XL:     7   Next: 96%
Magic:  12/14      EV: 15    Int: 17      God:    Kikubaaqudgha [......]
Gold:   237        SH:  0    Dex: 13 (14) Spells: 2/15 levels left

rFire    . . .     SeeInvis .   b - +2 whip (elec)
rCold    . . .     Gourm    .   (no shield)
rNeg     . . .     Faith    .   v - +0 robe
rPois    +         Spirit   .   (no helmet)
rElec    .         Reflect  .   (no cloak)
rCorr    .         Harm     .   (no gloves)
MR       .....                  (no boots)
Stlth    ++........             (no amulet)
HPRegen  0.17/turn              l - +2 ring of evasion
MPRegen  0.14/turn              (no ring)

@: no status effects
A: blink, poison resistance, robust 1
a: Blink, Renounce Religion


You were on level 8 of the Dungeon.
You worshipped Kikubaaqudgha.
Kikubaaqudgha was noncommittal.
You were hungry.

You visited 2 branches of the dungeon, and saw 7 of its levels.

You collected 237 gold pieces.

Inventory:

Hand Weapons
 a - a +2 rapier of flaming
 b - a +2 whip of electrocution (weapon)
 m - a +1 whip of venom
Missiles
 e - 5 silver javelins (quivered)
Armour
 v - a +0 robe (worn)
Jewellery
 h - an uncursed amulet of guardian spirit
 l - a +2 ring of evasion (left hand)
Wands
 f - a wand of random effects (17)
 n - a wand of paralysis (18)
Scrolls
 d - 2 scrolls of enchant weapon {unknown}
 o - a scroll of amnesia
 p - a scroll of enchant armour {unknown}
 q - 2 scrolls of teleportation
Potions
 g - 2 potions of stabbing {unknown}
 i - 3 potions of curing
 j - a potion of haste {unknown}
 k - 3 potions of ambrosia {unknown}
 r - a potion of magic {unknown}
 s - a potion of heal wounds {unknown}
 u - a potion of flight {unknown}
Comestibles
 c - 10 rations


   Skills:
 + Level 1.9 Fighting
 + Level 0.6 Short Blades
 - Level 2.0 Maces & Flails
 - Level 3.0 Dodging
 - Level 2.0 Stealth
 * Level 4.8 Spellcasting
 * Level 6.3 Necromancy


You had 2 spell levels left.
You knew the following spells:

 Your Spells              Type           Power        Failure   Level  Hunger
a - Pain                  Necr           ####         1%          1    None
b - Vampiric Draining     Necr           ####......   3%          3    ###....
c - Animate Dead          Necr           N/A          11%         4    ####...
d - Agony                 Necr           ####....     28%         5    ######.

Your spell library contained the following spells:

 Spells                   Type           Power        Failure   Level  Hunger
 Animate Skeleton         Necr           N/A          1%          1    None
 Freeze                   Ice            #...         14%         1    None
 Frozen Ramparts          Ice            #.....       41%         3    ###....
 Ozocubu's Armour         Chrm/Ice       #.......     41%         3    ###....
 Hailstorm                Conj/Ice       #.......     82%         4    ####...
 Summon Ice Beast         Ice/Summ       #.......     82%         4    ####...


Dungeon Overview and Level Annotations

Branches:
Dungeon (5/15)             Temple (1/1) D:4

Altars:
Cheibriados
Dithmenos
Fedhas
Gozag
Hepliaklqana
Kikubaaqudgha
Makhleb
Okawaru
Qazlal
Ru
Wu Jian
Xom
Yredelemnul
Zin

Shops:
D:4 (


Innate Abilities, Weirdness & Mutations

You can translocate small distances at will.
Your system is resistant to poisons. (rPois)
You are robust. (+10% HP)


Message History

A jackal comes into view.
Found 21 gold pieces. 2 jackals, a hippogriff, an ice beast, an orc, a centaur warrior, an ogre and a wight come into view.
The jackal barks! x2
The centaur warrior wields a +0 longbow.
The centaur warrior shoots an arrow.
The arrow hits you!
A deep elf archer comes into view. It is wielding a +0 dagger.
The ogre shouts!
The hippogriff screeches!
There is an open door here.
Unknown command.
You hear a bellow!
The jackal barks!
You close the door.
Something unseen opens the door.
The centaur warrior shoots an arrow.
The arrow hits you!!
* * * LOW HITPOINT WARNING * * *
You hear a bark!
You hear a bellow!
You see here an arrow.
The centaur warrior shoots an arrow.
The arrow hits you!!
You die...
Kikubaaqudgha rasps: "You have failed me!
Welcome... death!"

#####################
#.P.P.P.P.@.........#
#.......(.#.........#
#...c.....#.........#
#..P.P.P.P#.........#
#h##############+####
#$.Y..... #....H...
#........ #........


You could see a centaur warrior.

Vanquished Creatures
  Eustachio (D:5)
  A phantom (D:4)
  A centaur (D:5)
  A howler monkey (D:5)
  2 crimson imps
  A hound (D:3)
  An orc wizard (D:4)
  An iguana (D:8)
  A hound skeleton (D:4)
  3 gnolls (D:5)
  5 adders
  A shadow imp (D:5)
  An ooze (D:1)
  An adder zombie (D:5)
  2 worms
  A leopard gecko (D:1)
  8 orcs
  A ball python (D:2)
  4 giant cockroaches
  4 goblins
  7 hobgoblins
  4 kobolds
  5 bats
  5 frilled lizards
  A quokka zombie (D:5)
  6 rats
69 creatures vanquished.

Vanquished Creatures (collateral kills)
  A hound (D:5)
  A centaur skeleton (D:5)
2 creatures vanquished.

Grand Total: 71 creatures vanquished

Notes
Turn   | Place    | Note
-------+----------+-------------------------------------------
     0 | D:1      | Roikka the Human Necromancer began the quest for the Orb.
     0 | D:1      | Reached XP level 1. HP: 13/13 MP: 3/3
   678 | D:1      | Reached XP level 2. HP: 6/19 MP: 1/5
  1464 | D:2      | Reached XP level 3. HP: 24/24 MP: 4/6
  1469 | D:2      | Learned a level 3 spell: Vampiric Draining
  2282 | D:3      | Reached XP level 4. HP: 24/30 MP: 5/8
  2293 | D:3      | Learned a level 4 spell: Animate Dead
  2953 | D:4      | Noticed a phantom
  2964 | D:3      | Reached XP level 5. HP: 6/35 MP: 0/9
  3226 | D:4      | Found Asaphapn's Weapon Emporium.
  3372 | D:4      | Reached skill level 1 in Maces & Flails
  3738 | D:4      | Reached skill level 5 in Necromancy
  3785 | D:4      | Found a staircase to the Ecumenical Temple.
  3795 | Temple   | Entered the Ecumenical Temple
  3978 | Temple   | Became a worshipper of Kikubaaqudgha
  4088 | D:4      | Gained mutation: You can translocate small distances at
                  | will. [potion of mutation]
  4088 | D:4      | Gained mutation: You are robust. (+10% HP) [potion of
                  | mutation]
  4088 | D:4      | Gained mutation: Your system is resistant to poisons.
                  | (rPois) [potion of mutation]
  4103 | D:4      | Killed a phantom
  4103 | D:4      | Reached XP level 6. HP: 17/45 MP: 9/11
  4373 | D:4      | Found an opulent altar of Gozag.
  4555 | D:5      | Entered Level 5 of the Dungeon
  4568 | D:5      | Reached XP level 7. HP: 44/51 MP: 5/13
  4579 | D:5      | Learned a level 5 spell: Agony
  4678 | D:5      | Reached skill level 1 in Fighting
  4771 | D:5      | Found an iron altar of Okawaru.
  4911 | D:5      | Noticed Eustachio
  4957 | D:5      | Killed Eustachio
  4957 | D:5      | Reached skill level 6 in Necromancy
  5217 | D:5      | You fall into a shaft and drop 3 floors!
  5246 | D:8      | Noticed a hippogriff
  5246 | D:8      | Noticed a centaur warrior
  5246 | D:8      | Noticed a deep elf archer
  5256 | D:8      | Shot with an arrow by a centaur warrior

Levels and vault maps discovered:
D:1:      dpeg_arrival_pond, layout_rooms
D:2:      layout_basic, first_ration
D:3:      layout_loops_cross
D:4:      layout_rooms, minmay_temple_entry_wispy, enter_ossuary_5,
          serial_shops, nicolae_shop_waterfront, nicolae_gozag_seed_capital
D:5:      layout_basic, minitemple, lemuel_round_altar, uniq_pikel,
          uniq_eustachio
D:8:      minmay_klotski, layout_rooms, old_standard_altar
Temple:   regret_index_temple_generic_petals

Skill      XL: |  1  2  3  4  5  6  7 |
---------------+----------------------+-----
Spellcasting   | 3 4 |  4.8
Maces & Flails | 1 2 |  2.0
Necromancy     | 5 6 |  6.3
Dodging        | 3 |  3.0
Fighting       | 1 |  1.9
Short Blades   | |  0.6
Stealth        | |  2.0

Action                   |  1- 3 |  4- 6 |  7- 9 || total
-------------------------+-------+-------+-------++-------
Melee: Club              |    14 |       |       ||    14
       Unarmed           |     1 |       |       ||     1
       Whip              |    16 |    83 |    26 ||   125
       Rapier            |       |       |    16 ||    16
Throw: Javelin           |       |     4 |       ||     4
 Cast: Pain              |    45 |    41 |     8 ||    94
       Vampiric Draining |       |     2 |     5 ||     7
       Animate Dead      |       |       |     2 ||     2
  Use: Scroll            |     5 |     2 |       ||     7
       Potion            |       |     1 |       ||     1
 Stab: Sleeping          |     2 |     2 |       ||     4
  Eat: Chunk             |     5 |     4 |     2 ||    11
       Ration            |       |     1 |       ||     1
Armor: Robe              |     4 |     8 |    12 ||    24
Dodge: Dodged            |    31 |    71 |    40 ||   142

Table legend:
 A = Non-vault XP
 B = Vault XP
 C = Vault XP percentage of total XP
 D = Non-vault monster count
 E = Vault monster count
 F = Vault count percentage of total count
                 A         B        C        D         E       F
            +---------+---------+-------+---------+---------+-------
      Total |     695 |     295 |  29.8 |      67 |       4 |   5.6
            +---------+---------+-------+---------+---------+-------
        D:1 |      23 |       0 |   0.0 |      11 |       0 |   0.0
        D:2 |      35 |       0 |   0.0 |      12 |       0 |   0.0
        D:3 |      83 |       0 |   0.0 |      23 |       0 |   0.0
        D:4 |     236 |       0 |   0.0 |      10 |       0 |   0.0
        D:5 |     318 |     197 |  38.3 |      11 |       1 |   8.3
        D:8 |       0 |      98 | 100.0 |       0 |       3 | 100.0
            +---------+---------+-------+---------+---------+-------
